 Dungeon Crawl Stone Soup version 0.21.1-1-g345015f (webtiles) character file.

9198 Diojeanne the Cruncher (level 11, -2/88 HPs)
             Began as a Minotaur Gladiator on Feb 6, 2018.
             Was a High Priest of Okawaru.
             Slain by a seven-headed hydra (6 damage)
             ... on level 1 of the Lair of Beasts.
             The game lasted 00:49:06 (11652 turns).

Diojeanne the Cruncher (Minotaur Gladiator)        Turns: 11652, Time: 00:49:07

Health: -2/88      AC: 13    Str: 23      XL:     11   Next: 19%
Magic:  13/13      EV: 10    Int:  4 (5)  God:    Okawaru [*****.]
Gold:   309        SH:  4    Dex: 13      Spells: 6/10 levels left

rFire    + + .     SeeInvis .   H - +0 trident "Hahass" {pierce, *Rage rF+ Str+2} (curse)
rCold    . . .     Gourm    .   (no shield)
rNeg     . . .     Faith    .   l - +0 chain mail
rPois    .         Spirit   .   c - +1 hat
rElec    .         Reflect  +   (no cloak)
rCorr    .         Harm     .   n - +0 pair of gloves
MR       .....     Clarity  +   (no boots) Stlth ..........Rnd*Tele +
                                m - +4 amulet of reflection
HPRegen  0.24/turn              x - ring of protection from fire
MPRegen  0.13/turn              w - ring of teleportation (curse)

@: hasted, very quick
A: retaliatory headbutt, horns 2, clarity, deterioration 1
a: Heroism, Finesse, Renounce Religion


You were on level 1 of the Lair of Beasts.
You worshipped Okawaru.
Okawaru was extremely pleased with you.
You were not hungry.

You visited 3 branches of the dungeon, and saw 12 of its levels.

You collected 581 gold pieces.
You spent 272 gold pieces at shops.

Inventory:

Hand Weapons
 a - a +0 quarterstaff
 b - a +1 hunting sling
 H - the cursed +0 trident "Hahass" (weapon) {pierce, *Rage rF+ Str+2}
   (You took it off a centaur on level 7 of the Dungeon)

   It inflicts extra damage upon your enemies.
   It affects your strength (+2).
   It protects you from fire.
   It may make you go berserk in combat.
   It has a curse placed upon it.
Missiles
 d - 4 throwing nets {!f}
 g - 383 stones (quivered)
 k - 79 sling bullets
 I - 11 tomahawks
Armour
 c - a +1 hat (worn)
 l - a +0 chain mail (worn)
 n - a +0 pair of gloves (worn)
Magical Staves
 G - an uncursed staff of fire {unknown}
Jewellery
 m - a +4 amulet of reflection (around neck)
 p - a +4 ring of intelligence
 w - a cursed ring of teleportation (right hand)
 x - a ring of protection from fire (left hand)
 y - an uncursed ring of ice
 B - an uncursed ring of stealth
 F - a cursed -2 ring of dexterity {unknown}
Wands
 j - a wand of enslavement (12)
 v - a wand of flame (11)
Scrolls
 o - 2 scrolls of fog
 q - 5 scrolls of teleportation
 s - 2 scrolls of enchant weapon
 t - a scroll of enchant armour
 D - 2 scrolls of identify
Potions
 h - 2 potions of flight
 A - a potion of curing
 C - 3 potions of lignification
 L - a potion of magic
Comestibles
 f - 13 rations


   Skills:
 + Level 5.2 Fighting
 * Level 13.6 Staves
 + Level 8.4(8.6) Slings
 - Level 2.0(5.2) Throwing
 + Level 9.7 Armour
 - Level 3.2 Dodging
 + Level 1.8 Earth Magic
 - Level 5.0 Invocations


You had 6 spell levels left.
You knew the following spells:

 Your Spells              Type           Power        Failure   Level  Hunger
a - Petrify               Tmut/Erth      #.......     100%        4    #####..


Dungeon Overview and Level Annotations

Branches:
Dungeon (10/15)            Temple (1/1) D:4            Lair (1/6) D:8
    Orc: D:9-12

Altars:
Ashenzari
Cheibriados
Dithmenos
Elyvilon
Fedhas
Gozag
Hepliaklqana
Kikubaaqudgha
Makhleb
Nemelex Xobeh
Okawaru
Qazlal
Ru
Sif Muna
Trog
Uskayaw
Vehumet
Wu Jian
Xom
Yredelemnul
Zin
The Shining One

Shops:
D:7 =   D:9 !


Innate Abilities, Weirdness & Mutations

You reflexively headbutt those who attack you in melee.
You have a pair of horns on your head.
You possess an exceptional clarity of mind.
Your body sometimes deteriorates upon taking damage.


Message History

You puncture the seven-headed hydra!
You headbutt the seven-headed hydra, but do no damage.
The seven-headed hydra is severely wounded.
The seven-headed hydra bites you but does no damage.
The seven-headed hydra bites you!
* * * LOW HITPOINT WARNING * * *
You block the seven-headed hydra's attack.
The seven-headed hydra bites you but does no damage.
The seven-headed hydra bites you.
* * * LOW HITPOINT WARNING * * *
The seven-headed hydra closely misses you.
The seven-headed hydra bites you!
* * * LOW HITPOINT WARNING * * *
You completely miss the seven-headed hydra.
The seven-headed hydra is severely wounded.
The seven-headed hydra bites you!
* * * LOW HITPOINT WARNING * * *
The seven-headed hydra bites you but does no damage.
The seven-headed hydra bites you.
You die...

..รท.........#.....#
######.....#...#..#
#P#..........
####.######.# ###
##### ##.# ..###
#.### #..#
..#.###...## #..#
...........#####D#
..###.....###.##@#
..# ##P#.........#
### #############


You could see a seven-headed hydra.

Vanquished Creatures
  Prince Ribbit (D:5)
  3 hippogriffs
  17 yaks
  A basilisk (Lair:1)
  4 hogs (D:7)
  A human (D:7)
  Grum (Lair:1)
  The ghost of Sharkman1231 the Skirmisher, an amateur DsFi (D:4)
  A water moccasin (D:9)
  An orc warrior (D:9)
  8 ice beasts
  A black bear (Lair:1)
  3 ogres
  2 wolves (Lair:1)
  A crocodile (Lair:1)
  4 centaurs
  A big kobold (D:8)
  6 bullfrogs
  A gnoll sergeant (D:8)
  2 scorpions
  8 killer bees (D:8)
  22 wights
  4 crimson imps
  A bullfrog zombie (D:8)
  A quasit (D:7)
  2 centaur skeletons
  4 hounds
  5 orc wizards
  2 bullfrog skeletons
  3 orc priests
  3 iguanas
  6 worker ants
  2 hound zombies
  A hound skeleton (D:6)
  11 gnolls
  7 adders
  2 shadow imps (D:5)
  3 worms
  3 leopard geckos
  31 orcs
  7 giant cockroaches
  7 hobgoblins
  8 jackals
  13 kobolds
  3 quokkas
  A ball python (D:5)
  8 bats
  A frilled lizard (D:4)
  7 goblins
  2 leopard gecko skeletons
  4 rats
  A plant (D:1)
243 creatures vanquished.

Vanquished Creatures (others)
  5 fungi
  3 plants
8 creatures vanquished.

Grand Total: 251 creatures vanquished

Notes
Turn   | Place    | Note
-------+----------+-------------------------------------------
     0 | D:1      | Diojeanne the Minotaur Gladiator began the quest for the Orb.
     0 | D:1      | Reached XP level 1. HP: 18/18 MP: 0/0
   119 | D:1      | Reached skill level 4 in Staves
   417 | D:1      | Reached skill level 1 in Armour
   417 | D:1      | Reached XP level 2. HP: 25/25 MP: 1/1
  1153 | D:2      | Reached XP level 3. HP: 17/30 MP: 2/2
  1374 | D:2      | You fall through a shaft!
  1455 | D:3      | Reached skill level 5 in Staves
  2271 | D:3      | Found a faded altar of an unknown god.
  2416 | D:3      | Reached XP level 4. HP: 30/37 MP: 3/3
  2466 | D:3      | Found an ancient bone altar of Kikubaaqudgha.
  3095 | D:4      | Reached skill level 1 in Slings
  3095 | D:4      | Reached XP level 5. HP: 31/42 MP: 4/4
  3208 | D:4      | Reached skill level 6 in Staves
  3218 | D:4      | Noticed Sharkman1231's ghost (amateur DsFi)
  3237 | D:4      | Killed Sharkman1231's ghost
  3237 | D:4      | Reached XP level 6. HP: 19/50 MP: 5/5
  3486 | D:4      | Reached skill level 7 in Staves
  3560 | D:4      | Found a staircase to the Ecumenical Temple.
  3605 | Temple   | Entered the Ecumenical Temple
  3645 | Temple   | Became a worshipper of Warmaster Okawaru
  3843 | D:4      | Found a snail-covered altar of Cheibriados.
  3851 | D:4      | Found a radiant altar of Vehumet.
  3996 | D:4      | Noticed an ice beast
  4011 | D:4      | Killed an ice beast
  4011 | D:4      | Reached XP level 7. HP: 18/56 MP: 6/6
  4262 | D:4      | Reached skill level 1 in Invocations
  4279 | D:4      | Found an opulent altar of Gozag.
  4413 | D:4      | Found a white marble altar of Elyvilon.
  4540 | D:5      | Entered Level 5 of the Dungeon
  4556 | D:5      | Noticed Prince Ribbit
  4601 | D:5      | Killed Prince Ribbit
  4601 | D:5      | Reached skill level 8 in Staves
  4627 | D:5      | Reached skill level 5 in Armour
  4657 | D:5      | Reached * piety under Okawaru
  4691 | D:5      | Found a shadowy altar of Dithmenos.
  4933 | D:5      | Reached XP level 8. HP: 54/62 MP: 8/8
  4960 | D:5      | Found a sparkling altar of Nemelex Xobeh.
  5020 | D:5      | Found a blossoming altar of Fedhas.
  5133 | D:6      | Reached skill level 9 in Staves
  5362 | D:6      | Reached ** piety under Okawaru
  5427 | D:6      | Reached skill level 5 in Slings
  5470 | D:6      | Reached skill level 10 in Staves
  5547 | D:6      | Found a stormy altar of Qazlal.
  5836 | D:6      | Reached XP level 9. HP: 58/68 MP: 10/10
  6126 | D:7      | Found a blossoming altar of Fedhas.
  6213 | D:7      | Found an ornate altar of the Wu Jian Council.
  6247 | D:7      | Reached *** piety under Okawaru
  6276 | D:7      | Found a glowing golden altar of the Shining One.
  6468 | D:7      | Reached skill level 11 in Staves
  6476 | D:7      | Got an ichor-stained trident {pierce}
  6484 | D:7      | Identified the cursed +0 trident "Hahass" {pierce, *Rage rF+ Str+2} (You took it off a centaur on level 7 of the Dungeon)
  6493 | D:7      | Found an iron altar of Okawaru.
  6650 | D:7      | Reached **** piety under Okawaru
  7359 | D:7      | Found Fauteso's Jewellery Boutique.
  7461 | D:7      | Found a bloodstained altar of Trog.
  7560 | D:8      | Reached skill level 5 in Invocations
  7675 | D:8      | Reached XP level 10. HP: 74/74 MP: 12/12
  7690 | D:8      | Reached skill level 12 in Staves
  7700 | D:8      | Received a gift from Okawaru
  7755 | D:8      | HP: 2/74 [killer bee (6)]
  8360 | D:8      | Found a staircase to the Lair.
  8494 | D:8      | Found a hide-covered altar of Uskayaw.
  8496 | D:8      | Noticed a hand axe
  8496 | D:8      | Noticed a hand axe
  9792 | D:9      | Found Liump's Distillery.
  9797 | D:9      | Bought a potion of agility for 64 gold pieces
  9797 | D:9      | Bought a potion of invisibility for 128 gold pieces
  9797 | D:9      | Bought a potion of berserk rage for 80 gold pieces
  9939 | D:9      | Received a gift from Okawaru
  9957 | D:9      | Reached skill level 13 in Staves
 10784 | D:9      | Learned a level 4 spell: Petrify
 10879 | D:9      | Reached skill level 1 in Earth Magic
 10887 | D:9      | Reached ***** piety under Okawaru
 10887 | D:9      | Reached XP level 11. HP: 77/85 MP: 13/13
 11104 | D:10     | Entered Level 10 of the Dungeon
 11104 | D:10     | Noticed a two-headed ogre
 11184 | D:8      | Reached skill level 5 in Fighting
 11207 | Lair:1   | Entered Level 1 of the Lair of Beasts
 11256 | Lair:1   | Noticed Grum
 11273 | Lair:1   | Killed Grum
 11637 | Lair:1   | Noticed a seven-headed hydra
 11643 | Lair:1   | Gained mutation: Your body sometimes deteriorates upon taking damage. [potion of mutation]
 11643 | Lair:1   | Gained mutation: You possess an exceptional clarity of mind. [potion of mutation]
 11652 | Lair:1   | HP: 4/88 [seven-headed hydra (11)]
 11652 | Lair:1   | Slain by a seven-headed hydra

Skill      XL: |  1  2  3  4  5  6  7  8  9 10 11 |
---------------+----------------------------------+-----
Staves         | 4 5 6 7 8 10 11 13 | 13.6
Armour         | 1 2 3 4 5 6 8 9 |  9.7
Slings         | 1 2 3 4 5 6 8 |  8.4
Invocations    | 2 3 5 |  5.0
Fighting       | 4 5 |  5.2
Earth Magic    | 1 |  1.8
Throwing       | |  2.0
Dodging        | |  3.2

Action                   |  1- 3 |  4- 6 |  7- 9 | 10-12 || total
-------------------------+-------+-------+-------+-------++-------
Melee: Quarterstaff      |    69 |    56 |   198 |       ||   323
       Headbutt          |    10 |    10 |    65 |    76 ||   161
       Trident           |       |       |    85 |   344 ||   429
 Fire: Hunting sling     |    32 |    37 |   135 |       ||   204
Throw: Stone             |       |       |    12 |     1 ||    13
  Use: Potion            |       |     4 |       |    18 ||    22
       Scroll            |       |     4 |     9 |     1 ||    14
 Stab: Sleeping          |     1 |       |       |       ||     1
  Eat: Chunk             |     4 |     4 |     4 |     5 ||    17
       Ration            |       |       |     3 |     2 ||     5
Armor: Leather armour    |    18 |     6 |       |       ||    24
       Chain mail        |       |    10 |   139 |   177 ||   326
Dodge: Dodged            |    44 |    18 |   120 |   178 ||   360
Block: Other             |     8 |     8 |    44 |    75 ||   135
       Reflection        |       |       |     2 |       ||     2
